Construct Section Command Post
Selects Australian Defense Battlegroup
Selects Australian Light Infantry Section
Australian Light Infantry Section
Australian Light Infantry Section
Construct Platoon Command Post
Selects 2-pounder Anti-tank Gun Team
Selects CMP 15cwt Supply Run
Australian Light Infantry Section
Selects Reinforced Resource Caches
2-pounder Anti-tank Gun Team
Selects Archer Tank Destroyer
Australian Light Infantry Section
Construct Company Command Post
Selects Vehicle Over Repair
Unlock M3 Grant Medium Tanks